 Dungeon Crawl Stone Soup version 0.18.1-48-g4cf74bf (webtiles) character file.

53676 nikopol the Impaler (level 14, -1/126 (127) HPs)
             Began as a Minotaur Berserker on July 2, 2016.
             Was a High Priest of Trog.
             Slain by a 13-headed hydra (11 damage)
             ... on level 8 of the Lair of Beasts.
             The game lasted 01:19:24 (18424 turns).

nikopol the Impaler (Minotaur Berserker)           Turns: 18424, Time: 01:19:24

HP:   -1/126 (127)  AC: 19    Str: 27    XL:     14   Next: 31%
MP:   4/4           EV: 14    Int:  4    God:    Trog [*****.]
Gold: 1188          SH:  0    Dex: 15    Spells: 0 memorised, 13 levels left

rFire  . . .     SeeInvis +     x - +4 halberd (antimagic)
rCold  + . .     Gourm    .     V - +1 plate armour of the Ladybird {rC+ Regen+} (curse)
rNeg   . . .     Faith    .     (shield currently unavailable)
rPois  +         Spirit   .     q - +0 hat
rElec  +         Dismiss  +     H - -1 cloak of Joy {rElec Str+5}
rCorr  .         Reflect  .     r - +1 pair of gloves
SustAt .         Harm     .     (no boots)
MR     +....                    B - amulet of dismissal
Stlth  ..........               g - ring of poison resistance
                                N - ring of see invisible

@: exhausted, slowed, very slow, somewhat resistant to hostile enchantments,
extremely unstealthy
A: retaliatory headbutt, horns 2
a: Berserk, Trog's Hand, Brothers in Arms, Burn Spellbooks, Renounce Religion


You were on level 8 of the Lair of Beasts.
You worshipped Trog.
Trog was extremely pleased with you.
You were very hungry.

You visited 2 branches of the dungeon, and saw 17 of its levels.
You also visited: Ice Cave.

You collected 1188 gold pieces.

Inventory:

Hand Weapons
 c - a +5 longbow of freezing
 u - a +0 glaive of flaming
 x - a +4 antimagic halberd (weapon)
Missiles
 t - 32 arrows (quivered)
Armour
 b - the cursed +0 scale mail of Yteohual {Regen+ rCorr Str+2 Stlth+, unknown}
   (You found it on level 4 of the Lair of Beasts)

   It affects your strength (+2).
   It increases your rate of regeneration.
   It protects you from acid and corrosion.
   It makes you more stealthy.
   It has a curse placed upon it.
 j - a +0 cloak
 k - a cursed +0 scale mail
 q - a +0 hat (worn)
 r - a +1 pair of gloves (worn)
 A - a +1 plate armour of cold resistance
 H - the -1 cloak of Joy (worn) {rElec Str+5}
   (You acquired it on level 3 of the Lair of Beasts)

   It affects your strength (+5).
   It insulates you from electricity.
 V - the cursed +1 plate armour of the Ladybird (worn) {rC+ Regen+}
   (You found it on level 9 of the Dungeon)

   It protects you from cold.
   It increases your rate of regeneration.
   It has a curse placed upon it.
Jewellery
 e - an uncursed ring of fire
 g - a ring of poison resistance (right hand)
 n - an uncursed amulet of guardian spirit
 v - an uncursed ring of stealth
 B - an amulet of dismissal (around neck)
 F - an uncursed amulet of regeneration {unknown}
 N - a ring of see invisible (left hand)
 S - an uncursed amulet of the gourmand {unknown}
Wands
 d - a wand of lightning (4/15)
 s - a wand of digging (16/24)
 J - a wand of paralysis (5/24)
 Q - a wand of flame (26/48)
Scrolls
 l - 8 scrolls of remove curse
 m - 4 scrolls of enchant armour
 o - a scroll of recharging {unknown}
 p - 6 scrolls of fear
 y - a scroll of fog
 C - 2 scrolls of blinking {unknown}
 I - 3 scrolls of teleportation
 O - 2 scrolls of identify
 U - 4 scrolls of enchant weapon
Potions
 a - 7 potions of curing
 f - 6 potions of agility
 h - 2 potions of haste
 i - 3 potions of cure mutation
 w - 2 potions of heal wounds
 D - 2 potions of berserk rage
 M - 2 potions of flight {unknown}
 R - a potion of invisibility
 X - 2 potions of brilliance
 Z - 4 potions of ambrosia
Comestibles
 z - 13 meat rations
 E - 10 chunks of flesh
 G - 14 fruits
 L - 12 bread rations
 P - a slice of pizza
 W - 4 beef jerkies


   Skills:
 + Level 12.8 Fighting
 * Level 15.4 Polearms
 * Level 13.1 Bows
 + Level 12.6 Armour
 + Level 11.3 Dodging


You had 13 spell levels left.
You didn't know any spells.

Dungeon Overview and Level Annotations

Branches:
Dungeon (9/15)             Temple (0/1) D:6            Lair (8/8) D:9
 Shoals (0/4) Lair:5        Snake (0/4) Lair:5        Slime (0/6) Lair:7
    Orc: D:9-12

Altars:
Dithmenos
Ru
Vehumet
Jiyva

Shops:
D:4 ?   D:7 *   D:8 [


Innate Abilities, Weirdness & Mutations

You reflexively headbutt those who attack you in melee.
You have a pair of horns on your head.


Message History

* * * LOW HITPOINT WARNING * * *
The 13-headed hydra bites you but does no damage. x4
The 13-headed hydra completely misses you.
You're too exhausted to go berserk.
Your stone giant goes berserk!
You feel somewhat more hungry.
The 13-headed hydra bites you but does no damage. x2
The 13-headed hydra barely misses you. The 13-headed hydra bites you.
* * * LOW HITPOINT WARNING * * *
The 13-headed hydra barely misses you. x2; The 13-headed hydra bites you!
* * * LOW HITPOINT WARNING * * *
The 13-headed hydra closely misses you.
The 13-headed hydra bites you but does no damage.
The 13-headed hydra barely misses you.
The 13-headed hydra bites you but does no damage.
The 13-headed hydra closely misses you. The 13-headed hydra misses you.
The 13-headed hydra bites you.
* * * LOW HITPOINT WARNING * * *
The 13-headed hydra bites you!
You die...

............##
.............#
...........P.#
...........###
.......P....##
##..†###.#.#
..#....%##..##
.(...(.÷D...#
.P......C@.##
....((......#
...#.........#
.#....#.....##
..##..##....#
... ... ....##
.. ?... .....
#.. ##..##


You could see a 13-headed hydra and a friendly stone giant (berserk).

Vanquished Creatures
  A dire elephant (Lair:8)
  Erolcha (D:8)
  A fire dragon (Lair:6)
  The ghost of murphy the Nimble, a journeyman MfTm of Yredelemnul (Lair:3)
  An ice dragon (Lair:4)
  Harold (Lair:3)
  5 hydras
  A catoblepas (Lair:6)
  6 death yaks (Lair:8)
  The ghost of kobby the Cleaver, a novice MiGl of Okawaru (D:8)
  A griffon (Lair:6)
  A siren (Lair:5)
  An elephant (Lair:8)
  16 black mambas
  4 ice statues
  12 spiny frogs
  3 rime drakes (Lair:7)
  9 komodo dragons
  The ghost of Rationalist the Shield-Bearer, an amateur MiFi (D:4)
  3 merfolk (Lair:5)
  The ghost of Rationalist the Covered, an amateur MiFi (D:5)
  A troll (D:9)
  3 polar bears
  3 boulder beetles
  21 blink frogs
  2 spriggans (Lair:3)
  3 wyverns
  49 yaks
  8 hippogriffs
  3 basilisks
  A hungry ghost (D:9)
  12 water moccasins
  17 porcupines
  4 sky beasts
  10 ice beasts
  2 orc warriors (D:7)
  2 black bears
  A necrophage (D:9)
  21 wolves
  2 centaurs
  11 crocodiles
  13 giant frogs
  3 big kobolds
  A wyvern zombie (D:9)
  A water moccasin zombie (D:6)
  A scorpion (Lair:4)
  6 killer bees
  4 howler monkeys
  4 electric eels
  3 crimson imps
  A giant frog zombie (D:4)
  A centaur zombie (D:7)
  3 hounds
  6 orc priests
  A centaur skeleton (D:9)
  A giant frog skeleton (D:8)
  8 iguanas
  10 orc wizards
  8 worker ants
  18 sheep
  A hound zombie (D:6)
  A hound skeleton (D:3)
  50 river rats
  8 adders
  A howler monkey skeleton (D:9)
  2 shadow imps
  A white imp (Lair:4)
  An ooze (D:1)
  An adder zombie (D:8)
  An adder skeleton (D:9)
  A worm (D:2)
  2 dart slugs
  4 giant geckos
  22 orcs
  4 giant cockroaches
  7 goblins
  6 hobgoblins
  19 jackals
  3 quokkas
  2 ball pythons (Lair:5)
  5 bats
  A giant gecko skeleton (D:4)
  9 giant newts
  22 kobolds
  2 quokka skeletons
  7 rats
  A bush (Lair:6)
  A fungus (Lair:6)
  A plant (Lair:7)
526 creatures vanquished.

Vanquished Creatures (others)
  A butterfly (Lair:6)
  8 fungi
  7 plants
16 creatures vanquished.

Grand Total: 542 creatures vanquished

Notes
Turn   | Place    | Note
--------------------------------------------------------------
     0 | D:1      | nikopol the Minotaur Berserker began the quest for the Orb.
     0 | D:1      | Reached XP level 1. HP: 19/19 MP: 0/0
   191 | D:1      | Reached XP level 2. HP: 27/27 MP: 1/1
  1165 | D:2      | Reached ** piety under Trog
  1165 | D:2      | Reached XP level 3. HP: 33/33 MP: 2/2
  1169 | D:2      | Reached skill level 4 in Polearms
  2081 | D:3      | Reached XP level 4. HP: 40/40 MP: 3/3
  2700 | D:3      | Found a sacrificial altar of Ru.
  2706 | D:3      | Found a shadowy altar of Dithmenos.
  2779 | D:3      | Reached *** piety under Trog
  3030 | D:4      | Found Doostibbi's Magic Scroll Emporium.
  3058 | D:4      | Reached XP level 5. HP: 47/47 MP: 4/4
  3100 | D:4      | Reached skill level 5 in Fighting
  3127 | D:4      | Noticed Rationalist's ghost (amateur MiFi)
  3135 | D:4      | Killed Rationalist's ghost
  3135 | D:4      | Reached skill level 5 in Polearms
  3135 | D:4      | Reached XP level 6. HP: 56/56 MP: 5/5
  3245 | D:4      | Noticed a sky beast
  3255 | D:4      | Killed a sky beast
  3255 | D:4      | Reached XP level 7. HP: 63/63 MP: 6/6
  3257 | D:4      | Reached skill level 5 in Armour
  3564 | D:5      | Entered Level 5 of the Dungeon
  3615 | D:5      | Noticed Rationalist's ghost (amateur MiFi)
  3624 | D:5      | Killed Rationalist's ghost
  3624 | D:5      | Reached skill level 6 in Polearms
  3624 | D:5      | Reached skill level 5 in Dodging
  3901 | D:5      | Reached XP level 8. HP: 47/71 MP: 7/7
  4557 | D:6      | Found a staircase to the Ecumenical Temple.
  4704 | D:7      | Reached skill level 7 in Polearms
  4980 | D:7      | Reached **** piety under Trog
  5231 | D:7      | Reached skill level 1 in Bows
  5606 | D:7      | Found Hutiamev's General Store.
  6000 | D:7      | HP: 5/111 [orc warrior/long sword (2)]
  6006 | D:7      | Reached XP level 9. HP: 6/81 MP: 8/8
  6590 | D:8      | Reached skill level 8 in Polearms
  6673 | D:8      | Noticed kobby's ghost (novice MiGl)
  6741 | D:8      | Killed kobby's ghost
  6750 | D:8      | Received a gift from Trog
  6860 | D:8      | Found Kesch's Armour Shop.
  6983 | D:7      | Reached ***** piety under Trog
  7126 | D:8      | Reached skill level 9 in Polearms
  7153 | D:8      | Found a radiant altar of Vehumet.
  7154 | D:8      | Noticed Erolcha
  7165 | D:8      | Killed Erolcha
  7165 | D:8      | Reached skill level 5 in Bows
  7165 | D:8      | Reached XP level 10. HP: 90/90 MP: 9/9
  7993 | D:9      | Received a gift from Trog
  8012 | D:9      | Got a crude rapier {god gift}
  8013 | D:9      | Identified the +1 rapier "Eviscerator" {flame, rF+++ rC+ MP-9 Dex+2} (Trog gifted it to you on level 9 of the Dungeon)
  8153 | D:9      | Got a polished plate armour
  8193 | D:9      | Identified the cursed +1 plate armour of the Ladybird {rC+ Regen+} (You found it on level 9 of the Dungeon)
  8198 | D:9      | Found a staircase to the Lair.
  8246 | D:9      | Reached skill level 10 in Polearms
  8402 | Lair:1   | Entered Level 1 of the Lair of Beasts
  8607 | Lair:1   | Noticed a spiny frog
  8933 | Lair:1   | Noticed a black mamba
  9184 | Lair:1   | Noticed a spiny frog
  9199 | Lair:1   | Killed a black mamba
  9221 | Lair:1   | Killed a spiny frog
  9288 | Lair:1   | Reached XP level 11. HP: 98/98 MP: 10/10
  9580 | Lair:1   | Reached skill level 11 in Polearms
  9867 | Lair:2   | Reached skill level 10 in Fighting
 10024 | Lair:2   | Noticed a six-headed hydra
 10033 | Lair:2   | Killed a six-headed hydra
 10152 | Lair:2   | Noticed a five-headed hydra
 10160 | Lair:2   | Killed a five-headed hydra
 10554 | Lair:2   | Received a gift from Trog
 10557 | Lair:2   | Reached skill level 10 in Armour
 11116 | Lair:3   | Reached skill level 12 in Polearms
 11183 | Lair:3   | Noticed murphy's ghost (journeyman MfTm)
 11215 | Lair:3   | Killed murphy's ghost
 11325 | Lair:3   | Received a gift from Trog
 11384 | Lair:3   | Identified 2 scrolls of acquirement
 11387 | Lair:3   | Got a crude cloak
 11398 | Lair:3   | Identified the -1 cloak of Joy {rElec Str+5} (You acquired it on level 3 of the Lair of Beasts)
 11533 | Lair:3   | Noticed Harold
 11548 | Lair:3   | Killed Harold
 11548 | Lair:3   | Reached XP level 12. HP: 107/107 MP: 11/11
 12179 | Lair:3   | Reached skill level 10 in Bows
 12615 | Lair:4   | Reached skill level 13 in Polearms
 12800 | Lair:4   | Got a spiked scale mail
 12832 | Lair:4   | Noticed a six-headed hydra
 12840 | Lair:4   | Killed a four-headed hydra
 12928 | Lair:4   | Noticed a seven-headed hydra
 12978 | Lair:4   | Killed a three-headed hydra
 12978 | Lair:4   | Reached skill level 10 in Dodging
 12989 | Lair:4   | Noticed an ice dragon
 13006 | Lair:4   | Killed an ice dragon
 14044 | Lair:5   | Reached XP level 13. HP: 81/115 MP: 12/12
 14137 | Lair:5   | Found a staircase to the Snake Pit.
 14275 | Lair:5   | Reached ****** piety under Trog
 14275 | Lair:5   | Reached skill level 14 in Polearms
 14287 | Lair:5   | Found a staircase to the Shoals.
 14595 | Lair:5   | Received a gift from Trog
 15382 | Lair:6   | Found a frozen archway.
 15421 | IceCv    | Entered an ice cave
 16018 | Lair:6   | Received a gift from Trog
 16299 | Lair:6   | Noticed a fire dragon
 16370 | Lair:6   | Killed a fire dragon
 17269 | Lair:7   | Found a viscous altar of Jiyva.
 17269 | Lair:7   | Found a staircase to the Slime Pits.
 17306 | Lair:7   | Reached skill level 15 in Polearms
 17311 | Lair:7   | Reached XP level 14. HP: 104/126 MP: 4/13
 17834 | Lair:8   | Entered Level 8 of the Lair of Beasts
 17991 | Lair:8   | Received a gift from Trog
 18424 | Lair:8   | Slain by a 13-headed hydra

Skill      XL: |  1  2  3  4  5  6  7  8  9 10 11 12 13 14 |
---------------+-------------------------------------------+-----
Fighting       | 4 5 6 8 9 10 11 12 | 12.8
Armour         | 3 4 5 7 8 9 10 11 12 | 12.6
Polearms       | 4 5 6 7 9 10 12 13 15 | 15.4
Dodging        | 3 4 5 6 7 8 9 10 11 | 11.3
Bows           | 1 5 7 9 11 12 13 | 13.1

Action                   |  1- 3 |  4- 6 |  7- 9 | 10-12 | 13-15 || total
-------------------------+-------+-------+-------+-------+-------++-------
Melee: Spear             |   104 |    95 |   234 |       |       ||   433
       Headbutt          |    17 |    15 |    70 |   171 |   140 ||   413
       Trident           |       |       |    82 |   660 |     5 ||   747
       Glaive            |       |       |       |    85 |    87 ||   172
       Halberd           |       |       |       |       |   404 ||   404
 Fire: Shortbow          |       |       |    58 |   435 |   279 ||   772
       Longbow           |       |       |       |       |    18 ||    18
Invok: Berserk           |       |     2 |     7 |     6 |     3 ||    18
       Burn Spellbooks   |       |       |     1 |     2 |       ||     3
       Trog's Hand       |       |       |       |       |     1 ||     1
       Brothers in Arms  |       |       |       |       |     1 ||     1
  Use: Scroll            |       |       |       |    24 |     1 ||    25
 Stab: Distracted        |     1 |       |       |     1 |       ||     2
  Eat: Chunk             |     4 |     4 |    18 |    28 |    16 ||    70
       Beef jerky        |       |       |     1 |       |       ||     1
       Royal jelly       |       |       |       |     1 |       ||     1
       Pizza             |       |       |       |     1 |       ||     1
Armor: Animal skin       |    13 |       |       |       |       ||    13
       Scale mail        |     5 |    25 |    95 |    28 |       ||   153
       Plate armour      |       |       |       |   301 |   229 ||   530
Dodge: Dodged            |    28 |    46 |   139 |   387 |   273 ||   873
